Vis, neutral male human Wizard ------- |.....| +..).<| |..@..| ---C--- Vis the Thaumaturge Experience level: 6 Strength: 11 Dexterity: 14 Constitution: 14 Intelligence: 18 Wisdom: 12 Charisma: 9 Health: 0(52) Energy: 68(68) Def: 6 Gold: 626 Moves: 1735 Dungeon seed: QRj0bjJt3a28Y-pS Game ID: Vis_1498203710 Your Inventory: Coins $ - 626 gold pieces Weapons a - a blessed +1 quarterstaff (alternate weapon; not wielded) i - a blessed +1 silver spear j - a +0 orcish dagger n - 11 +0 elven arrows C - a +0 silver dagger (weapon in hand) Q - a +0 elven dagger Armor e - an uncursed +0 cloak of magic resistance (being worn) z - an uncursed +0 orcish helm (being worn) D - an uncursed +0 dwarvish cloak E - an uncursed +2 pair of iron shoes (being worn) Comestibles x - an uncursed food ration Scrolls o - an uncursed scroll of light w - an uncursed scroll of identify L - an uncursed scroll of amnesia Spellbooks c - a blessed spellbook of force bolt d - a blessed spellbook of magic missile f - an uncursed spellbook of knock g - an uncursed spellbook of create monster A - an uncursed spellbook of restore ability Potions k - an uncursed potion of healing m - an uncursed potion of extra healing I - an uncursed potion of water Wands b - a wand of striking (0:5) y - a wand of light (0:14) S - a wand of sleep (0:0) Tools h - an uncursed blindfold B - an uncursed blindfold F - 2 blessed wax candles (0:400) G - 4 uncursed tallow candles (0:200) H - a can of grease (0:16) K - a blessed tallow candle (0:200) O - a cursed can of grease (0:2) Gems q - 3 uncursed worthless pieces of black glass r - 3 uncursed worthless pieces of red glass J - an uncursed jet stone N - an uncursed amethyst stone P - an uncursed aquamarine stone R - an uncursed jasper stone Y - an uncursed garnet stone Spells and supernatural/magical abilities: Name Level Category Fail Memory a - force bolt 1 attack 4% 92% k - knock 1 matter 4% 92% m - magic missile 2 attack 0% 92% O - create monster 2 clerical 68% 92% R - restore ability 4 healing 100% 96% W - pray for help -- divine ? -- Your skills at the end: Fighting Skills wands [Basic] Weapon Skills dagger [Basic] quarterstaff [Basic] Spellcasting Skills attack spells [Basic] enchantment spells [Basic] Final Attributes: You were stridently aligned. You were magic-protected. You were telepathic. You are dead. Vanquished creatures: a giant spider 2 gnome kings 3 gnome lords a floating eye 5 dwarves a kobold lord a monkey 2 iguanas 2 hobbits a large kobold a yellow mold 18 gnomes 2 jackals 2 foxes 2 kobolds 2 goblins a sewer rat 4 grid bugs a bat 3 lichens 3 newts 58 creatures vanquished. Voluntary challenges: You were an atheist. You used a wielded weapon 49 times, starting on turn 22. You read items or engraved 17 times, starting on turn 500. You never genocided any monsters. You never polymorphed an object. You never changed form. You used no wishes. You never split a pudding. You never wrote Elbereth's name. You violated your moral code, losing 23 points of alignment, starting on turn 1572. Dungeon overview: The Dungeons of Doom: levels 1 to 4 Level 1 a long staircase Level 2 a general store Level 3 a sink Level 4 a fountain stairs to The Gnomish Mines The Gnomish Mines: levels 5 to 8 Level 5 stairs to The Dungeons of Doom Level 6 Level 7 Level 8 <- You were here History has recorded: On T:1 you entered the Dungeons of Doom to retrieve the Amulet of Yendor! On T:215 you reached level 2 of The Dungeons of Doom. On T:359 you advanced to experience level 2. On T:556 you reached level 3 of The Dungeons of Doom. On T:702 you advanced to experience level 3. On T:920 you reached level 4 of The Dungeons of Doom. On T:999 you reached level 1 of The Gnomish Mines. On T:1009 you advanced to experience level 4. On T:1317 you advanced to experience level 5. On T:1352 you reached level 2 of The Gnomish Mines. On T:1609 you reached level 3 of The Gnomish Mines. On T:1648 you advanced to experience level 6. On T:1657 you reached level 4 of The Gnomish Mines. Score breakdown: Gold: 626 ( 9515 points) Experience: 6 levels (12456 points) Exploration: 8 levels ( 17.39%) (11832 points) Discoveries: 7 items ( 2.36%) ( 4613 points) Valuables value: (no points given unless you survive) Artifact value: 0 ( 0 points) Variety of kills: 21 monsters ( 5.48%) ( 7024 points) Turncount: 1735 turns ( 0 points) Survival: died (score multiplied by 80%) Total score: 36352 Latest messages: The plains centaur kicks! You hear some noises nearby. You hear a chugging sound. You hear someone cursing shoplifters. (2x) This door is locked. You hear a door open. You stop searching. You are almost hit by an arrow. You stop searching. You hit the gnome. You kill the gnome! There are a few objects here. You hit the gnome. The gnome hits! You kill the gnome! There are a few objects here. You see here an arrow. You hear a door open. You hear a ripping sound. You stop searching. There are a few objects here. The mountain centaur hits! The mountain centaur kicks! (2x) The mountain centaur hits! You die... Final status: Goodbye Vis the Wizard, killed by a mountain centaur... You died in The Gnomish Mines on dungeon level 8 with 36352 points, and 626 pieces of gold, after 1735 moves. You were level 6 with a maximum of 52 hit points when you died.